 Dungeon Crawl Stone Soup version 0.30-a0-622-gddc90eaa04 (webtiles) character file.

Game seed: 12035883691381595715

2467 NinjaNoafa the Covert (level 9, -5/64 HPs)
             Began as a Merfolk Gladiator on Jan 10, 2023.
             Was a Believer of Wu Jian.
             Killed from afar by a steam dragon (15 damage)
             ... with a ball of steam
             ... on level 7 of the Dungeon.
             The game lasted 00:15:34 (6258 turns).

NinjaNoafa the Covert (Merfolk Gladiator)           Turns: 6258, Time: 00:15:35

Health: -5/64      AC:  7    Str: 22    XL:     9   Next: 51%
Magic:  9/9        EV: 14    Int: 11    God:    Wu Jian [**....]
Gold:   387        SH:  8    Dex: 16    Spells: 8/8 levels left

rFire   . . .      SeeInvis .    C - +4 trident
rCold   . . .      Faith    .    s - +0 buckler
rNeg    . . .      Spirit   .    l - +0 ring mail
rPois   +          Reflect  +    K - +1 helmet
rElec   .          Harm     .    (no cloak)
rCorr   .          Rampage  .    (no gloves)
Will    .....      Clarity  +    (no boots)
Stlth   +++                      k - amulet of reflection
HPRegen 0.30/turn                f - ring of poison resistance
MPRegen 0.11/turn                h - +6 ring of strength

@: about to teleport
A: (nimble swimmer 2), mertail, clarity, clever 1, frail 1
a: Renounce Religion, Wall Jump


You were on level 7 of the Dungeon.
You worshipped Wu Jian.
Wu Jian was pleased with you.
You visited 2 branches of the dungeon, and saw 8 of its levels.

You collected 387 gold pieces.

Inventory:

Hand Weapons
 a - a +0 rapier
 C - a +4 trident (weapon)
Missiles
 d - 5 throwing nets
 x - 13 poisoned darts
 F - 3 atropa-tipped darts
 I - a javelin (quivered)
 L - 4 curare-tipped darts
Armour
 l - a +0 ring mail (worn)
 s - a +0 buckler (worn)
 K - a +1 helmet (worn)
Jewellery
 f - a ring of poison resistance (left hand)
 h - a +6 ring of strength (right hand)
 k - an amulet of reflection (around neck)
 H - a ring of see invisible
Wands
 b - a wand of flame (11)
 v - a wand of polymorph (7)
Scrolls
 e - 2 scrolls of blinking {unknown}
 i - a scroll of enchant weapon {unknown}
 j - a scroll of enchant armour {unknown}
 m - 5 scrolls of teleportation
 n - 2 scrolls of noise {unknown}
 p - 4 scrolls of identify
 r - a scroll of amnesia {unknown}
 t - a scroll of fear {unknown}
 u - 3 scrolls of poison {unknown}
 w - a scroll of silence {unknown}
 y - a scroll of brand weapon {unknown}
Potions
 c - a potion of haste {unknown}
 g - 2 potions of attraction {unknown}
 o - 3 potions of flight {unknown}
 q - a potion of lignification
 z - a potion of might {unknown}
 A - a potion of degeneration {unknown}
 B - 4 potions of heal wounds {unknown}
 D - a potion of curing
 E - 2 potions of mutation
 G - a potion of magic {unknown}
 J - a potion of cancellation {unknown}


   Skills:
 + Level 7.2 Fighting
 - Level 5.5 Short Blades
 + Level 6.5 Polearms
 - Level 2.0 Throwing
 - Level 8.0 Dodging
 + Level 8.4 Stealth


You had 8 spell levels left.
You didn't know any spells.
Your spell library contained the following spells:

 Spells                   Type           Power      Damage    Failure   Level
 Beastly Appendage        Tmut           0%         N/A       63%         1
 Slow                     Hex            0%         N/A       63%         1
 Wereblood                Tmut           0%         N/A       77%         2
 Confusing Touch          Hex            0%         N/A       94%         3
 Frozen Ramparts          Ice            0%         1d1       94%         3
 Spider Form              Tmut/Pois      0%         N/A       94%         3
 Vampiric Draining        Necr           0%         2d6       94%         3
 Ice Form                 Ice/Tmut       0%         N/A       100%        4
 Summon Ice Beast         Ice/Summ       0%         N/A       100%        4


Dungeon Overview and Level Annotations

Branches:
Dungeon (7/15)             Temple (1/1) D:5

Altars:
Ashenzari
Cheibriados
Dithmenos
Elyvilon
Fedhas
Gozag
Hepliaklqana
Kikubaaqudgha
Makhleb
Nemelex Xobeh
Qazlal
Ru
Sif Muna
Trog
Vehumet
Wu Jian
Xom
Yredelemnul
Zin
The Shining One


Innate Abilities, Weirdness & Mutations

((You are very nimble when in or above water. (Stealth+, EV+, Speed+++)))
Your lower body shifts to a powerful aquatic tail in water.
You possess an exceptional clarity of mind.
Your mind is acute. (Int +4, Str/Dex -1)
You are frail. (-10% HP)


Message History

You lunge at the steam dragon.
You barely miss the steam dragon.
You are engulfed in a cloud of scalding steam.
The black bear closely misses you. The black bear misses you.
You block the black bear's attack. The steam dragon misses you.
The steam dragon claws you.
* * * LOW HITPOINT WARNING * * *
The orc priest looks satisfied for a moment.
There is an open door, spattered with blood here.
The steam dragon attacks as you move away!
You block the steam dragon's attack.
The steam dragon claws you but does no damage.
The black bear attacks as you move away!
The black bear bites you but does no damage.
The black bear claws you but does no damage.
The black bear closely misses you.
A gnoll bouda, a shadow imp and 2 bullfrogs come into view.
Found a viscous brown potion.
The shadow imp shouts, "Go and return not, thou foisting shard-borne mule!"
The bullfrog gives a loud, deep croak!
The bullfrog moves out of view.
As you read the scroll labelled LUZOIMM FACW, it crumbles to dust.
It is a scroll of identify.
m - 6 scrolls of teleportation You block the shadow imp's attack.
The steam dragon completely misses you. You block the steam dragon's attack.
The steam dragon attacks as you move away!
The steam dragon bites you.
* * * LOW HITPOINT WARNING * * *
You block the steam dragon's attack.
There is an open door here.
As you read the scroll of teleportation, it crumbles to dust.
You feel strangely unstable. The steam dragon bites you.
* * * LOW HITPOINT WARNING * * *
You block the steam dragon's attack.
The steam dragon attacks as you move away!
The steam dragon bites you but does no damage.
The steam dragon closely misses you. The steam dragon breathes steam at you.
The ball of steam hits you!
You die...

#......# #.#...............
#......###.#.#..##.###..#..
#............#.............
##.....###.####.##.#####...
####### #........##?..##
#####..#.#5..[$#
##.....#l..$(#
########..#'#.#hoo..#
#.....##.##@###'Yo(#
#.....##.#".§Do#####
######.....##.##(###5#
#..........##..#### ..#
#...>..##.........# ...#
#......##.........+ F..#
#......'....>.....# ..##
#......##..........####
#......##............


You could see a steam dragon (catching breath), an orc priest and a shadow imp.

Vanquished Creatures
  Grinder (D:4)
  Eustachio (D:5)
  A water moccasin (D:5)
  Edmund (D:4)
  3 ice beasts (D:7)
  2 orc warriors (D:7)
  An ogre (D:5)
  2 phantoms
  A bullfrog (D:7)
  Blork the orc (D:5)
  A gnoll sergeant (D:5)
  3 scorpions
  4 wights (D:7)
  A howler monkey (D:7)
  A crimson imp (D:5)
  2 hounds
  3 jellies
  An orc priest (D:6)
  Ijyb (D:4)
  An iguana (D:6)
  2 orc wizards
  12 gnolls
  7 adders
  A shadow imp (D:5)
  A white imp (D:5)
  3 ufetubi (D:5)
  2 worms
  2 dart slugs
  11 orcs
  2 bats
  5 endoplasms
  2 giant cockroaches
  7 goblins
  4 hobgoblins
  3 jackals (D:2)
  8 kobolds
  A quokka (D:4)
  7 ball pythons
  4 rats
116 creatures vanquished.

Notes
Turn   | Place    | Note
-------+----------+-------------------------------------------
     0 | D:1      | NinjaNoafa the Merfolk Gladiator began the quest for the
                  | Orb.
     0 | D:1      | Reached XP level 1. HP: 16/16 MP: 1/1
    30 | D:1      | Found a faded altar of an unknown god.
   320 | D:1      | Reached XP level 2. HP: 23/23 MP: 2/2
   379 | D:1      | Reached skill level 1 in Stealth
   653 | D:2      | Found a shadowy altar of Dithmenos.
   771 | D:2      | Reached XP level 3. HP: 28/28 MP: 3/3
   821 | D:2      | Gained mutation: You are frail. (-10% HP) [potion of
                  | mutation]
   821 | D:2      | Gained mutation: You possess an exceptional clarity of
                  | mind. [potion of mutation]
   821 | D:2      | Gained mutation: Your mind is acute. (Int +4, Str/Dex -1)
                  | [potion of mutation]
  1123 | D:2      | Reached XP level 4. HP: 28/31 MP: 4/4
  1637 | D:3      | Found an ornate altar of the Wu Jian Council.
  2154 | D:3      | Became a worshipper of the Wu Jian Council
  2384 | D:4      | Noticed Edmund
  2407 | D:4      | Killed Edmund
  2408 | D:4      | Reached skill level 5 in Dodging
  2408 | D:4      | Reached XP level 5. HP: 8/37 MP: 5/5
  2592 | D:4      | Reached skill level 5 in Short Blades
  2592 | D:4      | Reached XP level 6. HP: 37/43 MP: 6/6
  2606 | D:4      | Noticed Grinder
  2630 | D:4      | Paralysed by Grinder for 2 turns
  2634 | D:4      | Killed Grinder
  2635 | D:4      | Reached XP level 7. HP: 21/49 MP: 7/7
  3014 | D:4      | Found a shadowy altar of Dithmenos.
  3188 | D:4      | Noticed Ijyb
  3195 | D:4      | Killed Ijyb
  3315 | D:4      | Reached skill level 1 in Polearms
  3420 | D:4      | Reached * piety under Wu Jian
  3543 | D:5      | Entered Level 5 of the Dungeon
  3658 | D:5      | Found a staircase to the Ecumenical Temple.
  3693 | Temple   | Entered the Ecumenical Temple
  3939 | D:5      | Reached skill level 5 in Fighting
  4096 | D:5      | Noticed Blork the orc
  4105 | D:5      | Killed Blork the orc
  4128 | D:5      | Reached skill level 5 in Stealth
  4128 | D:5      | Reached XP level 8. HP: 22/55 MP: 8/8
  4357 | D:6      | Found a shimmering altar of Xom.
  4833 | D:5      | Noticed Eustachio
  4843 | D:5      | Killed Eustachio
  5434 | D:6      | Reached XP level 9. HP: 42/62 MP: 9/9
  5437 | D:6      | Reached ** piety under Wu Jian
  5702 | D:7      | Found a stormy altar of Qazlal.
  5791 | D:7      | Reached skill level 5 in Polearms
  6258 | D:7      | Killed from afar by a steam dragon

Illustrated notes

Levels and vault maps discovered:
D:1:      minmay_arrival_hallway, layout_loops_ring,
          hellmonk_ecumenical_altar_crossroads
D:2:      layout_basic, basic_altar, minmay_tetromino_t4
D:3:      layout_loops_ring, nzn_wu_jian_council_hall
D:4:      cheibrodos_helix_gallery, layout_loops_ring, kennysheep_mini,
          enter_ossuary_2, uniq_ijyb, uniq_grinder, uniq_edmund
D:5:      layout_basic, minmay_temple_entry_statues_pillars,
          minmay_fire_ice_demons, uniq_blork_the_orc, uniq_eustachio
D:6:      layout_rooms, mainiacjoe_overflow_24_doors
D:7:      layout_basic, hellmonk_okawaru_the_only_friend_you_need,
          nicolae_qazlal_style_of_elements, serial_rivers,
          chequers_serial_rivers_micro_b, chequers_serial_rivers_small_a,
          chequers_serial_rivers_micro_c, chequers_serial_rivers_micro_c,
          minmay_joined_circles
Temple:   minmay_temple_bridge_d

Skill      XL: |  1  2  3  4  5  6  7  8  9 |
---------------+----------------------------+-----
Stealth        | 1 2 3 5 7 8 |  8.4
Short Blades   | 4 5 |  5.5
Fighting       | 3 4 5 6 7 |  7.2
Dodging        | 5 6 7 8 |  8.0
Polearms       | 3 4 6 |  6.5
Throwing       | |  2.0

Action                   |  1- 3 |  4- 6 |  7- 9 || total
-------------------------+-------+-------+-------++-------
Melee: Rapier            |    85 |    79 |     3 ||   167
       Punch             |       |     1 |       ||     1
       Unarmed           |       |     2 |       ||     2
       Trident           |       |       |   267 ||   267
Throw: Javelin           |     5 |     4 |     5 ||    14
       Throwing net      |       |     3 |     2 ||     5
       Dart              |       |     5 |     7 ||    12
Invok: Lunge             |       |     3 |    31 ||    34
       Whirlwind         |       |       |     8 ||     8
Evoke: Wand              |       |     5 |     2 ||     7
  Use: Potion            |     1 |     2 |       ||     3
       Scroll            |       |       |     2 ||     2
 Stab: Sleeping          |     1 |     2 |     4 ||     7
       Held in net/web   |       |     1 |     1 ||     2
       Invisible         |       |       |     1 ||     1
Armor: Ring mail         |    29 |    16 |    48 ||    93
       Leather armour    |     1 |       |       ||     1
Dodge: Dodged            |    60 |    36 |   150 ||   246
Block: Other             |    21 |    10 |       ||    31
       Buckler           |       |    17 |   105 ||   122
       Reflection        |       |     1 |       ||     1

Table legend: (Time is in decaauts)
 A = Elapsed time spent in this place.
 B = Non-inter-level travel time spent in this place.
 C = Inter-level travel time spent in this place.
 D = Time resting spent in this place.
 E = Time spent auto-exploring this place.
 F = Levels seen in this place.
 G = Mean time per level.
                   A        B        C        D        E       F      G
               +--------+--------+--------+--------+--------+-----+--------+
         Total |   6288 |   6039 |    249 |      0 |   4699 |   8 |  786.0 |
       Dungeon |   6054 |   5814 |    240 |      0 |   4484 |   7 |  864.9 |
        Temple |    233 |    224 |      9 |      0 |    215 |   1 |  233.0 |
               +--------+--------+--------+--------+--------+-----+--------+

Top non-repeatable levels by time:
     D:4: 1195 daAuts
     D:5: 1081 daAuts
     D:2: 858 daAuts
     D:3: 849 daAuts
     D:6: 807 daAuts
     D:1: 644 daAuts
     D:7: 618 daAuts
  Temple: 233 daAuts
